 Dungeon Crawl Stone Soup version 0.20-a0-681-gf83e07f (webtiles) character file.

204 polly the Slasher (level 5, -4/41 HPs)
             Began as a Demonspawn Gladiator on Feb 18, 2017.
             Killed by divine providence
             ... invoked by an orc priest
              (13 damage)
             ... on level 3 of the Dungeon.
             The game lasted 00:02:54 (1503 turns).

polly the Slasher (Demonspawn Gladiator)            Turns: 1503, Time: 00:02:55

Health: -4/41      AC:  3    Str: 15    XL:     5   Next: 52%
Magic:  5/5        EV: 13    Int:  9    God:
Gold:   162        SH:  0    Dex: 15    Spells: 4/4 levels left

rFire    . . .     SeeInvis .   a - +0 long sword
rCold    . . .     Gourm    .   b - +0 leather armour
rNeg     . . .     Faith    .   (no shield)
rPois    .         Spirit   .   (helmet restricted)
rElec    .         Reflect  .   (no cloak)
rCorr    .         Harm     .   (no gloves)
MR       .....                  (no boots)
Stlth    +.........             (no amulet)
Regen    1.2/turn               (no ring)
MPRegen  0.1/turn               (no ring)

@: no status effects
A: hooves 1, horns 1, demonic guardian 1, powered by death 1
a: no special abilities


You were on level 3 of the Dungeon.
You were not hungry.

You visited 1 branch of the dungeon, and saw 3 of its levels.

You collected 162 gold pieces.

Inventory:

Hand Weapons
 a - a +0 long sword (weapon)
Missiles
 d - 3 throwing nets (quivered)
Armour
 b - a +0 leather armour (worn)
 c - a +0 helmet
Wands
 q - a wand of random effects (27/48)
Scrolls
 e - 7 scrolls of identify {unknown}
 g - 3 scrolls of amnesia {unknown}
 h - 2 scrolls of teleportation {unknown}
 m - 4 scrolls of recharging {unknown}
 r - 2 scrolls of fog {unknown}
 s - a scroll of enchant weapon {unknown}
Potions
 i - a potion of resistance {unknown}
 j - a potion of agility {unknown}
 l - a potion of haste {unknown}
 o - a potion of curing {unknown}
 p - a potion of heal wounds {unknown}
 t - a potion of brilliance {unknown}
Books
 v - a book of Misfortune

   Spells                             Type                      Level
   a - Confusing Touch                Hexes                        1
   b - Confuse                        Hexes                        3
   c - Gell's Gravitas                Hexes/Translocation          3
   d - Petrify                        Transmutation/Earth          4
   e - Metabolic Englaciation         Hexes/Ice                    5
   f - Yara's Violent Unravelling     Hexes/Transmutation          5
Comestibles
 f - a bread ration
 k - 2 meat rations
 n - a royal jelly
 u - 2 chunks of flesh


   Skills:
 + Level 3.0 Fighting
 + Level 3.9 Long Blades
 + Level 2.0 Throwing
 + Level 2.0 Armour
 + Level 3.4 Dodging
 + Level 0.8 Stealth


You had 4 spell levels left.
You didn't know any spells.

Dungeon Overview and Level Annotations

Branches:
Dungeon (3/15)

Altars:
Dithmenos
Elyvilon
Qazlal
Xom


Innate Abilities, Weirdness & Mutations

You have large cloven feet.
You have a pair of small horns on your head.
A weak demonic guardian rushes to your aid.
You regenerate a little health from kills.


Message History

You are too injured to fight recklessly!
You are too injured to fight recklessly!
You are too injured to fight recklessly!
You are too injured to fight recklessly!
You are too injured to fight recklessly!
You are too injured to fight recklessly!
Unknown command.
You are too injured to fight recklessly!
You hit the orc wizard but do no damage.
You kick the orc wizard, but do no damage.
The orc wizard is severely wounded.
The orc wizard casts a spell at you. The magic dart hits you!
* * * LOW HITPOINT WARNING * * *
Your quasit bites the orc wizard.
Your quasit barely misses the orc wizard.
Your quasit claws the orc wizard but does no damage.
The orc priest calls down the wrath of Beogh upon you.
Beogh smites you!
You die...

### #.. .o. ...#w#
#.##o# ### #.##5# ..#
#.##o# #.# #.##@# #.#
#.##5#
#.###########.##.##..#
#...................#
###########.#########
...................#
######(##.#.######.#
#.##.#.# #.#
####.##.#.# #.#


You could see 2 orc priests, an orc wizard, a dart slug, a friendly iron imp and
a friendly quasit.

Vanquished Creatures
  The ghost of polly the Slasher, a weakling DsGl (D:3)
  Natasha (twice) (D:2)
  A gnoll (D:1)
  2 adders (D:2)
  A worm (D:2)
  2 dart slugs (D:1)
  2 leopard geckos
  5 orcs (D:3)
  3 giant cockroaches
  6 hobgoblins
  A quokka (D:3)
  4 bats
  4 frilled lizards
  11 goblins
  5 kobolds
  10 rats
60 creatures vanquished.

Vanquished Creatures (collateral kills)
  Natasha (D:2)
  Robin (D:2)
  4 goblins (D:2)
  3 hobgoblins (D:2)
  2 kobolds (D:2)
  A quokka (D:2)
  A ball python (D:2)
  A bat (D:3)
14 creatures vanquished.

Grand Total: 74 creatures vanquished

Notes
Turn   | Place    | Note
-------+----------+-------------------------------------------
     0 | D:1      | polly the Demonspawn Gladiator began the quest for the Orb.
     0 | D:1      | Reached XP level 1. HP: 16/16 MP: 1/1
    26 | D:1      | Gained mutation: A weak demonic guardian rushes to your aid. [demonic ancestry]
    26 | D:1      | Reached XP level 2. HP: 19/22 MP: 2/2
   482 | D:1      | Gained mutation: You regenerate a little health from kills. [demonic ancestry]
   482 | D:1      | Reached XP level 3. HP: 27/27 MP: 3/3
   685 | D:2      | Noticed Natasha
   691 | D:2      | Killed Natasha
   734 | D:2      | Noticed Robin
   736 | D:2      | Gained mutation: You have large cloven feet. [demonic ancestry]
   736 | D:2      | Reached XP level 4. HP: 33/34 MP: 4/4
   742 | D:2      | Noticed Natasha
   750 | D:2      | Reached skill level 1 in Armour
   775 | D:2      | Killed Natasha
   785 | D:2      | Noticed Natasha
   802 | D:2      | Killed Robin
   806 | D:2      | Killed Natasha
   988 | D:2      | Found a shimmering altar of Xom.
  1002 | D:2      | Noticed an earth elemental
  1016 | D:2      | Gained mutation: You have a pair of small horns on your head. [demonic ancestry]
  1016 | D:2      | Reached XP level 5. HP: 21/39 MP: 5/5
  1036 | D:2      | Found a white marble altar of Elyvilon.
  1129 | D:2      | Found a shadowy altar of Dithmenos.
  1185 | D:2      | Found a stormy altar of Qazlal.
  1187 | D:2      | Noticed a water elemental
  1188 | D:2      | Noticed a fire elemental
  1188 | D:2      | Noticed an air elemental
  1325 | D:3      | Noticed polly's ghost (weakling DsGl)
  1337 | D:3      | Killed polly's ghost
  1503 | D:3      | Killed from afar by an orc priest

Vault maps used:
D:1:      minmay_arrival_cross, minmay_misc_feat_alley, minmay_rat_gold_closets
D:2:      lemuel_crystal_altar, grunt_dithmenos_smoke_and_mirrors,
          xom_butterflies, nicolae_qazlal_style_of_elements, uniq_natasha,
          uniq_robin
D:3:      kennysheep_goblin_castle, first_bread, uniq_iyjb, uniq_sigmund

Skill      XL: |  1  2  3  4  5 |
---------------+----------------+-----
Dodging        | 3 |  3.4
Throwing       | 2 |  2.0
Long Blades    | 3 |  3.9
Armour         | 1 2 |  2.0
Fighting       | 3 |  3.0
Stealth        | |  0.8

Action                   |  1- 3 |  4- 6 || total
-------------------------+-------+-------++-------
Melee: Long sword        |    70 |    95 ||   165
       Kick              |       |    30 ||    30
       Headbutt          |       |    14 ||    14
 Stab: Sleeping          |     2 |       ||     2
  Eat: Chunk             |       |     2 ||     2
Armor: Leather armour    |    14 |    27 ||    41
Dodge: Dodged            |    51 |    67 ||   118
       Rpst.: Long sword |    17 |    19 ||    36
